 Dungeon Crawl Stone Soup version 0.30-a0-358-g0d69a1922f (webtiles) character file.

Game seed: 11602539635627345595

95 Essalna the Sneak (level 4, -1/35 HPs)
             Began as a Djinni Delver on Nov 9, 2022.
             Slain by a black bear (3 damage)
             ... on level 5 of the Dungeon.
             The game lasted 00:01:26 (353 turns).

Essalna the Sneak (Djinni Delver)                    Turns: 353, Time: 00:01:27

Health: -1/35      AC:  3    Str: 11    XL:     4   Next: 95%
Gold:   22         EV: 12    Int: 13    God:
                   SH:  0    Dex: 15

rFire   + + .      SeeInvis .    a - +0 falchion
rCold   x . .      Faith    .    (no shield)
rNeg    . . .      Spirit   .    b - +0 leather armour
rPois   ∞          Reflect  .    (helmet currently unavailable)
rElec   .          Harm     .    (no cloak)
rCorr   .          Rampage  .    (no gloves)
Will    .....                    (boots unavailable)
Stlth   ++........               (no amulet)
HPRegen 0.25/turn                (no ring)
MPRegen 0.00/turn                (no ring)

@: appendages, flying
A: horns 2, flying, sickness immunity, fire resistance 2, cold vulnerability 1,
float, innate caster, HP casting, extra vitality 1
a: End Transformation


You were on level 5 of the Dungeon.
You had temporarily grown beastly horns.
You visited 1 branch of the dungeon, and saw 1 of its levels.

You collected 22 gold pieces.

Inventory:

Hand Weapons
 a - a +0 falchion (weapon)
Armour
 b - a +0 leather armour (worn)
Wands
 g - a wand of digging (3)
 h - a wand of iceblast (6)
Scrolls
 c - a scroll of fog
 d - a scroll of magic mapping
 e - a scroll of fear
 i - a scroll of blinking {unknown}
 j - a scroll of enchant weapon {unknown}
 k - a scroll of poison {unknown}
Potions
 f - a potion of haste
 l - a potion of attraction {unknown}
 m - a potion of lignification {unknown}


   Skills:
 - Level 3.0 Fighting
 - Level 1.7 Long Blades
 - Level 2.1 Dodging
 - Level 4.1 Stealth
 + Level 3.0 Spellcasting


You had 8 spell levels left.
You knew the following spells:

 Your Spells              Type           Power      Damage    Failure   Level
a - Beastly Appendage     Tmut           20%        N/A       9%          1
Your spell library was empty.

Dungeon Overview and Level Annotations

Branches:
Dungeon (5/15)             Temple (0/1) D:5

Altars:

Annotations:
D:5 2 runed translucent doors


Innate Abilities, Weirdness & Mutations

You have temporarily grown beastly horns.
You are flying.
You are immune to sickness and miasma.
You are immune to poison.
Your flesh is very heat resistant. (rF++)
You are vulnerable to cold. (rC-)
You float through the air rather than walking.
You learn spells naturally, not from books.
Your magical power is your life essence.
You have superior vitality. (+4 MHP)


Message History

The black bear is moderately wounded.
The black bear bites you but does no damage.
The black bear claws you but does no damage. x2
You barely miss the black bear.
The black bear is moderately wounded.
The black bear bites you! The black bear misses you. The black bear claws you.
You are too injured to fight recklessly!
You are too injured to fight recklessly!
You are too injured to fight recklessly!
Casting: Beastly Appendage (safe; 9% risk of failure)
Confirm with . or Enter, or press ? or * to list all spells.
You grow a pair of large bovine horns.
The black bear barely misses you. x2
The black bear claws you. The black bear bites you.
The black bear closely misses you. The black bear claws you.
You hit the black bear but do no damage.
You headbutt the black bear, but do no damage.
The black bear is moderately wounded.
The black bear bites you!
* * * LOW HITPOINT WARNING * * *
The black bear closely misses you. The black bear claws you.
* * * LOW HITPOINT WARNING * * *
You hit the black bear.
The black bear is heavily wounded.
The black bear barely misses you. The black bear claws you.
* * * LOW HITPOINT WARNING * * *
The black bear completely misses you. The black bear barely misses you.
The black bear closely misses you. The black bear claws you.
* * * LOW HITPOINT WARNING * * *
You hit the black bear. Your headbutt misses the black bear.
The black bear is heavily wounded.
The black bear bites you but does no damage.
The black bear claws you but does no damage.
The black bear completely misses you.
You closely miss the black bear.
The black bear is heavily wounded.
The black bear bites you.
* * * LOW HITPOINT WARNING * * *
The black bear claws you.
You die...

.## #.#
#............#....
.# #.#
#.###########.##..
.# #.# #.# #.##..
.# #.#####.#
#..... .#
#.......# ####.#
.# ##..##### #..
.# #.># ### .#
#..##### .#
#....h@# .#
##.###.# .# #.#
#.# .# #.# #.# .#
#.# #.# .#
#######.###.#
.#####...........#
.......#####.##..#
......######.##..#


You could see a black bear.

Vanquished Creatures
  A scorpion (D:5)
  A hound (D:5)
  A shadow imp (D:5)
3 creatures vanquished.

Notes
Turn   | Place    | Note
-------+----------+-------------------------------------------
     0 | D:5      | Essalna the Djinni Delver began the quest for the Orb.
     0 | D:5      | Reached XP level 1. HP: 20/20 MP: 0/0
    20 | D:5      | Found a staircase to the Ecumenical Temple.
    22 | D:5      | Noticed a hound
    32 | D:5      | Killed a hound
    33 | D:5      | Reached XP level 2. HP: 25/25 MP: 0/0
    33 | D:5      | Reached XP level 3. HP: 30/30 MP: 0/0
    33 | D:5      | Learned a level 1 spell: Beastly Appendage
    39 | D:5      | Noticed a scorpion
    45 | D:5      | Killed a scorpion
    46 | D:5      | Reached XP level 4. HP: 34/35 MP: 0/0
   323 | D:5      | Found a large runed translucent door.
   323 | D:5      | Found a large runed translucent door.
   344 | D:5      | Noticed a black bear
   353 | D:5      | Slain by a black bear

Illustrated notes

Levels and vault maps discovered:
D:5:      minmay_chambers_of_fours, layout_loops_ring,
          mainiacjoe_overflow_alcove_2, makhleb_grotto_becter,
          minmay_temple_entry_grid, ebering_ghost_disaster_area,
          lightli_corner_chamber

Skill      XL: |  1  2  3 |
---------------+----------+-----
Spellcasting   | 2 3 |  3.0
Fighting       | |  3.0
Long Blades    | |  1.7
Dodging        | |  2.1
Stealth        | |  4.1

Action                   |  1- 3 |  4- 6 || total
-------------------------+-------+-------++-------
Melee: Falchion          |     2 |    10 ||    12
       Headbutt          |       |     1 ||     1
 Cast: Beastly Appendage |       |     1 ||     1
Evoke: Wand              |     3 |     1 ||     4
Armor: Leather armour    |       |     5 ||     5
Dodge: Dodged            |     1 |    13 ||    14

Table legend: (Time is in decaauts)
 A = Elapsed time spent in this place.
 B = Non-inter-level travel time spent in this place.
 C = Inter-level travel time spent in this place.
 D = Time resting spent in this place.
 E = Time spent auto-exploring this place.
 F = Levels seen in this place.
 G = Mean time per level.
                   A        B        C        D        E       F      G
               +--------+--------+--------+--------+--------+-----+--------+
         Total |    355 |    348 |      7 |      0 |    270 |   1 |  355.0 |
       Dungeon |    355 |    348 |      7 |      0 |    270 |   1 |  355.0 |
               +--------+--------+--------+--------+--------+-----+--------+

Top non-repeatable levels by time:
     D:5: 355 daAuts
